cohdb
Replays
Latest Replays
All Replays
Popular Replays
Top Player Replays
Match Explorer
How It Works
Community
CoH3 Stats
Reddit
Sign in to upload your games and track your stats! →
Sign in with Steam
Match 41842809
Unlisted
Match 41842809
Overview
Messages
Build Orders
End
Selects Luftwaffe Battlegroup
Selects Luftwaffe Pioneer Support
Fallschirmpioneer Squad Paradrop
Fallschirmpioneer Squad Paradrop
Construct Infanterie Kompanie
MG 42 Machine Gun Team
Infanterie Officer Quarters
Fallschirmpioneer Squad Paradrop
Construct Panzergrenadier Kompanie
Selects Flak 38 Anti-Air Emplacement
251 Medium Carrier
Panzergrenadier Officer Quarters
Pak 40 Anti-tank Gun Team
Vorspiel
Isuka
Enterprise
dbswo0927
OLDCOM
諾爾斯
Chieftain
kenleung
0
0
Comments
sign in to comment!
No comments posted yet!